 Dungeon Crawl Stone Soup version 0.29.1-13-g9f3cf754e1 (webtiles) character file.

Game seed: 14840627952198208390

23 HospitalGownGirl the Sneak (level 3, 0/24 HPs)
             Began as a Human Enchanter on Feb 6, 2023.
             Splashed by a jelly's acid (4 damage)
             ... on level 2 of the Dungeon.
             The game lasted 00:04:50 (1346 turns).

HospitalGownGirl the Sneak (Human Enchanter)        Turns: 1346, Time: 00:04:51

Health: 0/24       AC:  2    Str: 10    XL:     3   Next: 10%
Magic:  1/6        EV: 12    Int: 15    God:
Gold:   7          SH:  0    Dex: 13    Spells: 4/6 levels left

rFire   . . .      SeeInvis .   a - +1 dagger
rCold   . . .      Faith    .   (no shield)
rNeg    . . .      Spirit   .   b - +0 robe
rPois   .          Reflect  .   (no helmet)
rElec   .          Harm     .   (no cloak)
rCorr   .          Rampage  .   (no gloves)
Will    .....                   (no boots)
Stlth   ++........              (no amulet)
HPRegen 0.08/turn               (no ring)
MPRegen 0.10/turn               (no ring)

@: mighty
A: no striking features
a: no special abilities


You were on level 2 of the Dungeon.
You visited 1 branch of the dungeon, and saw 2 of its levels.

You collected 7 gold pieces.

Inventory:

Hand Weapons
 a - a +1 dagger (weapon)
Armour
 b - a +0 robe (worn)
Scrolls
 d - a scroll of amnesia
Potions
 c - a potion of curing {unknown}


   Skills:
 * Level 0.3 Fighting
 * Level 1.3 Short Blades
 * Level 0.1 Armour
 * Level 2.1 Dodging
 * Level 3.5 Stealth
 * Level 2.1 Spellcasting
 * Level 3.1 Hexes


You had 4 spell levels left.
You knew the following spells:

 Your Spells              Type           Power      Damage    Failure   Level
a - Ensorcelled Hibernat  Hex/Ice        12%        N/A       17%         2

Your spell library contained the following spells:

 Spells                   Type           Power      Damage    Failure   Level
 Confusing Touch          Hex            11%        N/A       19%         3
 Tukima's Dance           Hex            11%        N/A       19%         3
 Dazzling Flash           Conj/Hex       12%        N/A       34%         3


Dungeon Overview and Level Annotations

Branches:
Dungeon (2/15)

Altars:


Message History

The helpless endoplasm fails to defend itself.
You puncture the endoplasm!
You kill the endoplasm!
The jelly quivers.
The endoplasm hits the fungus.
The fungus begins to die.
The endoplasm hits the fungus.
Something completely misses the fungus.
You see here a +0 short sword.
The endoplasm misses you.
You hit the endoplasm.
The endoplasm is moderately wounded.
The endoplasm freezes you.
You are frozen.
You hit the endoplasm.
The endoplasm is heavily wounded.
The endoplasm misses you.
You hit the endoplasm.
You kill the endoplasm!
You see here a +0 short sword.
Casting: Ensorcelled Hibernation (safe; 17% risk of failure)
Confirm with . or Enter, or press ? or * to list all spells.
Aiming: Ensorcelled Hibernation (safe; 17% risk of failure)
Press: ? - help, Shift-Dir - straight line, f - jelly
Aim: a jelly (chance to affect: 49%)
The jelly resists with some effort.
The jelly hits you.
You are splashed with acid.
* * * LOW HITPOINT WARNING * * *
Unknown command.
Okay, then.
There is an open door here.
The jelly attacks as you move away! The jelly hits you but does no damage.
It was a potion of might.
You feel very mighty all of a sudden. The jelly hits you but does no damage.
You hit the jelly.
Your hands burn!
* * * LOW HITPOINT WARNING * * *
The jelly is moderately wounded.
The jelly barely misses you.
You puncture the jelly!
Your hands burn!
You die...

#...........
...###........##
#...............
##########..#...###
#$...J.##.#########.###.###
#.JP.P.#.#.#....###..##.#..
#..÷÷..#J#J#.....##..##....
#.PP...#)#J#......'..###...
#.J.J÷.#J#@...)...'..####[.
#..P÷.P#.#........)........
#..÷J..#.#.......##...#####
#.P.PP.'##......###...#
#....J.########## #.#.#
####### #..#.# #.##.# ..
#.# ..# )..


You could see a jelly and an endoplasm.

Vanquished Creatures
  2 ball pythons
  4 endoplasms (D:2)
  2 giant cockroaches
  A goblin (D:2)
  A hobgoblin (D:1)
  2 frilled lizards (D:1)
  7 kobolds
  A rat (D:1)
20 creatures vanquished.

Vanquished Creatures (others)
  4 fungi (D:2)
  8 toadstools (D:2)
12 creatures vanquished.

Grand Total: 32 creatures vanquished

Notes
Turn   | Place    | Note
-------+----------+-------------------------------------------
     0 | D:1      | HospitalGownGirl the Human Enchanter began the quest for
                  | the Orb.
     0 | D:1      | Reached XP level 1. HP: 13/13 MP: 3/3
   646 | D:1      | Reached XP level 2. HP: 9/19 MP: 5/5
   840 | D:1      | Learned a level 2 spell: Ensorcelled Hibernation
  1323 | D:2      | Reached XP level 3. HP: 18/24 MP: 2/6
  1346 | D:2      | Splashed by a jelly's acid

Illustrated notes

Levels and vault maps discovered:
D:1:      reono_arrival_mine, layout_basic, nicolae_ecumenical_snake_handling,
          dreamdust_wishing_well
D:2:      cheibrodos_fertilizer, layout_basic

Action                   || total
-------------------------++-------
Melee: Dagger            ||    68
       Punch             ||     1
 Cast: Ensorcelled Hiber ||    12
  Use: Potion            ||     4
       Scroll            ||     3
 Stab: Invisible         ||     1
       Sleeping          ||     7
Armor: Robe              ||    13
Dodge: Dodged            ||    48
